 Dungeon Crawl Stone Soup version 0.24.0-1-gfbc8707122 (webtiles) character file.

Game seed: 6568658428517764790, levelgen mode: deterministic

42 iamserjio the Firebug (level 3, -1/23 HPs)
             Began as a Halfling Fire Elementalist on Oct 26, 2019.
             Slain by an orc
             ... wielding a +0 falchion
              (2 damage)
             ... on level 1 of the Dungeon.
             The game lasted 00:02:57 (1431 turns).

iamserjio the Firebug (Halfling Fire Elementalist)  Turns: 1431, Time: 00:02:57

Health: -1/23      AC:  2    Str:  9    XL:     3   Next: 77%
Magic:  2/6        EV: 15    Int: 14    God:
Gold:   64         SH:  0    Dex: 14    Spells: 2/6 levels left

rFire    . . .     SeeInvis .   h - +0 short sword
rCold    . . .     Gourm    .   (shield restricted)
rNeg     . . .     Faith    .   a - +0 robe
rPois    .         Spirit   .   (no helmet)
rElec    .         Reflect  .   (no cloak)
rCorr    .         Harm     .   (no gloves)
MR       .....                  (no boots)
Stlth    ++........             (no amulet)
HPRegen  0.07/turn              (no ring)
MPRegen  0.10/turn              (no ring)

@: no status effects
A: small, mutation resistance 1
a: no special abilities


You were on level 1 of the Dungeon.
You were not hungry.

You visited 1 branch of the dungeon, and saw 2 of its levels.

You collected 64 gold pieces.

Inventory:

Hand Weapons
 h - a +0 short sword (weapon)
Missiles
 g - 29 arrows
 i - 92 stones (quivered)
Armour
 a - a +0 robe (worn)
Jewellery
 f - an uncursed ring of resist corrosion {unknown}
Scrolls
 d - a scroll of teleportation {unknown}
 k - 3 scrolls of enchant armour {unknown}
Potions
 b - a potion of degeneration {unknown}
 e - a potion of flight {unknown}
 j - a potion of haste {unknown}
Comestibles
 c - a ration


   Skills:
 - Level 1.0 Fighting
 - Level 2.1 Dodging
 - Level 2.1 Stealth
 + Level 2.0 Spellcasting
 - Level 1.0 Conjurations
 * Level 3.8 Fire Magic


You had 2 spell levels left.
You knew the following spells:

 Your Spells              Type           Power        Failure   Level  Hunger
a - Flame Tongue          Conj/Fire      #....        9%          1    ##.....
b - Conjure Flame         Conj/Fire      #.......     26%         3    ####...

Your spell library contained the following spells:

 Spells                   Type           Power        Failure   Level  Hunger
 Throw Flame              Conj/Fire      #.....       14%         2    ###....
 Inner Flame              Hex/Fire       #.......     32%         3    ####...
 Sticky Flame             Conj/Fire      #.......     65%         4    #####..
 Fireball                 Conj/Fire      #.........   94%         5    ######.


Dungeon Overview and Level Annotations

Branches:
Dungeon (2/15)

Altars:
Qazlal


Innate Abilities, Weirdness & Mutations

You are small and have problems with some larger weapons.
You are somewhat resistant to further mutation.


Message History

There are monsters nearby!
An orc comes into view. It is wielding a +0 falchion.
The orc shouts!
You hear an angry hiss.
An orc wizard comes into view. It is wielding a -2 dagger.
The orc wizard begins to cast a cantrip, but forgets the words!
The orc completely misses you. The orc wizard casts a spell at you.
The magic dart hits you.
The orc wizard points at you and mumbles some strange words.
The magic dart hits you!
* * * LOW HITPOINT WARNING * * *
The orc priest looks braver for a moment.
There is a stone staircase leading up here.
The orc priest casts a cantrip, but nothing happens.
You climb upwards.
There is a stone staircase leading down here.
The orc hits you with a +0 falchion.
* * * LOW HITPOINT WARNING * * *
The orc hits you with a +0 falchion.
You die...

.........# ####.##+##...##.#
.........# #....#...#...##.#
.........# #........######'###
###############...#....###......#
#######..................'......#
........###########...####......#
#######.# ##..# #......#
#.############..# #......#
#.....)...@o...># #...)..#
################# #......#
#......# ########


You could see an orc.

Vanquished Creatures
  A worm (D:2)
  2 dart slugs (D:1)
  A giant cockroach (D:1)
  7 goblins
  3 hobgoblins (D:1)
  2 ball pythons (D:1)
  2 bats (D:1)
  5 frilled lizards
  9 kobolds
  3 rats (D:1)
35 creatures vanquished.

Notes
Turn   | Place    | Note
-------+----------+-------------------------------------------
     0 | D:1      | iamserjio the Halfling Fire Elementalist began the quest
                  | for the Orb.
     0 | D:1      | Reached XP level 1. HP: 11/11 MP: 3/3
   258 | D:1      | Reached XP level 2. HP: 18/18 MP: 4/4
   343 | D:1      | Reached skill level 1 in Conjurations
   569 | D:1      | Reached skill level 1 in Fighting
   586 | D:1      | Reached XP level 3. HP: 22/23 MP: 0/5
  1223 | D:1      | Learned a level 3 spell: Conjure Flame
  1398 | D:2      | Found a stormy altar of Qazlal.
  1427 | D:1      | HP: 1/23 [orc/+0 falchion (5)]
  1431 | D:1      | Slain by an orc

Levels and vault maps discovered:
D:1:      minmay_arrival_widening_spiral_wide, layout_basic
D:2:      layout_rooms, nicolae_qazlal_general_emergency, st_stairs_6,
          minmay_octomino_c4

Skill      XL: |  1  2  3 |
---------------+----------+-----
Conjurations   | 1 |  1.0
Fighting       | 1 |  1.0
Spellcasting   | 2 |  2.0
Dodging        | |  2.1
Stealth        | |  2.1
Fire Magic     | |  3.8

Action                   || total
-------------------------++-------
Melee: Unarmed           ||     8
       Short sword       ||    33
 Cast: Flame Tongue      ||    47
 Stab: Sleeping          ||     3
  Eat: Chunk             ||     3
Armor: Robe              ||     3
Dodge: Dodged            ||    38
